 Dungeon Crawl Stone Soup version 0.31.0-11-ge490571c62 (webtiles) character file.

Game seed: 4982857023961715543

33 qw the Shooter (level 3, -1/18 HPs)
             Began as a Spriggan Hunter on Feb 3, 2024.
             Slain by a hobgoblin (3 damage)
             ... led by Robin
             ... on level 2 of the Dungeon.
             The game lasted 00:00:18 (904 turns).

qw the Shooter (Spriggan Hunter)                     Turns: 904, Time: 00:00:18

Health: -1/18      AC:  2    Str:  7    XL:     3   Next: 12%
Magic:  4/4        EV: 19    Int: 10    God:
Gold:   24         SH:  0    Dex: 20    Spells: 2/2 levels left

rFire   . . .        a - +1 shortbow
rCold   + . .        (shield currently unavailable)
rNeg    . . .        c - +0 robe
rPois   .            (helmet restricted)
rElec   .            (no cloak)
rCorr   .            (gloves unavailable)
SInv    +            (boots unavailable)
Will    .....        (no amulet)
Stlth   ++           h - ring of protection from cold
HPRegen 0.23/turn    (no ring)
MPRegen 0.09/turn

%: no passive effects
@: very quick
A: very small, no large weapons, unfitting armour, see invisible, speed 3
a: no special abilities


You were on level 2 of the Dungeon.
You visited 1 branch of the dungeon, and saw 2 of its levels.

You collected 24 gold pieces.


Innate Abilities, Weirdness & Mutations

You are very small and have problems with some larger weapons.
You are too small for most types of armour.
You have supernaturally acute eyesight. (SInv)
You cover ground extremely quickly. (Speed+++)


   Skills:
 - Level 1.5 Fighting
 + Level 4.5 Ranged Weapons
 - Level 4.0 Dodging
 - Level 1.5 Stealth


You had 2 spell levels left.
You didn't know any spells.
Your spell library was empty.

Inventory:

Hand Weapons
 a - a +1 shortbow (weapon)
Armour
 c - a +0 robe (worn)
Jewellery
 h - a ring of protection from cold (left hand)

Dungeon Overview and Level Annotations

Branches:
Dungeon (2/15)

Altars:

Shops:
D:1 (


Message History

A goblin comes into view. It is wielding a +0 dagger.
The goblin misses you.
You shoot an arrow. The arrow hits the hobgoblin!
You kill the hobgoblin!
The hobgoblin closely misses you. The goblin completely misses you.
You shoot an arrow. The arrow hits the hobgoblin.
The hobgoblin is almost dead.
A hobgoblin comes into view.
The hobgoblin hits you. The goblin closely misses you.
You shoot an arrow. The arrow hits the hobgoblin.
You kill the hobgoblin!
The goblin misses you. The goblin hits you with a +0 club.
Robin throws the goblin at you!
You shoot an arrow. The arrow completely misses Robin.
The hobgoblin completely misses you. The goblin barely misses you.
Robin closely misses you.
You shoot an arrow.
The arrow hits Robin but does no damage.
Robin zaps a wand.
The puff of flame misses you. The hobgoblin barely misses you.
The goblin hits you with a +0 club.
You shoot an arrow. The arrow barely misses Robin.
The hobgoblin closely misses you.
Robin zaps a wand.
The puff of flame hits you! The goblin hits you but does no damage.
The goblin closely misses you.
You shoot an arrow. The arrow hits Robin!
Robin is heavily wounded.
The hobgoblin misses you.
Robin zaps a wand.
The puff of flame misses you. The goblin hits you with a +0 dagger.
The goblin completely misses you.
You shoot an arrow. The arrow hits Robin.
Robin is almost dead.
The hobgoblin barely misses you. Robin completely misses you.
The goblin misses you. The goblin hits you but does no damage.
You shoot an arrow. The arrow barely misses Robin.
The goblin no longer looks unusually strong.
The hobgoblin barely misses you. The goblin closely misses you. x2
The goblin misses you. x2; The hobgoblin misses you.
You shoot an arrow. The arrow hits Robin!
You kill Robin!
The goblin no longer looks unusually strong.
The goblin barely misses you. The hobgoblin hits you.
You die...

+)..|# #.)..#
#..).## #.# #.#
#...$. #.# #.#
#[(..# #.# #.#
#....# #.# #)#
#ggg.# #.# #.# #@#
#.# #.# #g# #%#
#.# #.#
####<###.##### #.#
......[......###.#
...%.............#
.............#####
.............#
##############


You could see 2 hobgoblins and 2 goblins.

Vanquished Creatures
  Robin (D:2)
  4 endoplasms
  7 goblins
  4 hobgoblins
  A quokka (D:1)
  4 ball pythons (D:1)
  A bat (D:1)
  2 frilled lizards
  6 kobolds (D:1)
  A rat (D:2)
31 creatures vanquished.

Notes
Turn   | Place    | Note
-------+----------+-------------------------------------------
     0 | D:1      | qw the Spriggan Hunter began the quest for the Orb.
     0 | D:1      | Reached XP level 1. HP: 10/10 MP: 2/2
     0 | D:1      | 0 ||| qw: Version: 0.3-a-155-g5e7d8dd
     0 | D:1      | 0 ||| qw: Game counter: 3390
     0 | D:1      | 0 ||| qw: Melee chars always use a shield: true
     0 | D:1      | 0 ||| qw: God list: Okawaru
     0 | D:1      | 0 ||| qw: Allow faded altars: false
     0 | D:1      | 0 ||| qw: Do Orc after clearing Dungeon:15 true
     0 | D:1      | 0 ||| qw: Do second Lair branch before Depths: true
     0 | D:1      | 0 ||| qw: Lair rune preference: random
     0 | D:1      | 0 ||| qw: Goals: Normal
     0 | D:1      | 0 ||| PLANNING D:1-11
    21 | D:1      | Reached skill level 3 in Dodging
   239 | D:1      | Reached XP level 2. HP: 6/14 MP: 3/3
   311 | D:1      | Found Diczeano's Antique Weapon Shoppe.
   322 | D:1      | 322 ||| SHOPLISTING glowing orcbow (104 gold, have 16).
   814 | D:1      | 814 ||| UPGRADING to ring of protection from cold.
   815 | D:1      | 815 ||| READING 2 scrolls labelled POECOURH ISECA.
   816 | D:1      | 816 ||| READING 2 scrolls labelled FAXOITWA KILAV.
   816 | D:1      | 816 ||| IDENTIFYING green potion
   817 | D:1      | 817 ||| READING scroll of identify.
   817 | D:1      | 817 ||| IDENTIFYING scroll labelled VEDEHE DUGILIPP
   818 | D:1      | 818 ||| READING scroll labelled OLAWNO JYODGHIZEX.
   818 | D:1      | 818 ||| ENCHANTING +0 shortbow.
   819 | D:1      | 819 ||| DROPPING scroll of butterflies.
   820 | D:1      | 820 ||| DROPPING scroll of blinking.
   821 | D:1      | 821 ||| DROPPING potion of ambrosia.
   822 | D:1      | 822 ||| DROPPING scroll of vulnerability.
   888 | D:2      | Noticed Robin
   890 | D:2      | Reached XP level 3. HP: 18/18 MP: 4/4
   900 | D:2      | HP: 2/18 [Robin/puff of flame (7)]
   904 | D:2      | Killed Robin
   904 | D:2      | Slain by a hobgoblin

Levels and vault maps discovered:
D:1:      ldierk_walled_garden_2, layout_basic, serial_shops, shop_fountains,
          minivault_19
D:2:      layout_basic, serial_shops, nicolae_shop_statue_plus, minmay_cut_off,
          uniq_sigmund, uniq_robin, uniq_natasha

Skill      XL: |  1  2 |
---------------+-------+-----
Dodging        | 3 4 |  4.0
Fighting       | |  1.5
Ranged Weapons | |  4.5
Stealth        | |  1.5

Action                     || total
---------------------------++-------
   Fire: Shortbow          ||    70
    Use: Scroll            ||     4
 Armour: Robe              ||    17
  Dodge: Dodged            ||    35

Table legend:
 A = Non-vault XP
 B = Vault XP
 C = Vault XP percentage of total XP
 D = Non-vault monster count
 E = Vault monster count
 F = Vault count percentage of total count
                 A         B        C        D         E       F
            +---------+---------+-------+---------+---------+-------
      Total |      33 |      31 |  48.4 |      22 |       9 |  29.0
            +---------+---------+-------+---------+---------+-------
        D:1 |      29 |       0 |   0.0 |      19 |       0 |   0.0
        D:2 |       4 |      31 |  88.6 |       3 |       9 |  75.0
            +---------+---------+-------+---------+---------+-------
